 Dungeon Crawl Stone Soup version 0.30-a0-297-g0ec75d9ef4 (webtiles) character file.

Game seed: 5767692901881290246

51 lunkers the Cutter (level 4, 0/36 HPs)
             Began as a Meteoran Gladiator on Oct 18, 2022.
             Slain by a goblin
             ... wielding a +0 dagger
             ... led by Robin
              (2 damage)
             ... on level 2 of the Dungeon.
             The game lasted 00:00:52 (397 turns).

lunkers the Cutter (Meteoran Gladiator)              Turns: 397, Time: 00:00:52

Health: 0/36       AC:  5    Str: 16    XL:     4   Next: 27%
Magic:  5/5        EV: 13    Int:  9    God:
Gold:   39         SH:  0    Dex: 17    Spells: 3/3 levels left

rFire   . . .      SeeInvis .    a - +0 rapier
rCold   . . .      Faith    .    (no shield)
rNeg    . . .      Spirit   .    b - +0 leather armour
rPois   .          Reflect  .    c - +0 helmet
rElec   .          Harm     .    h - +0 cloak
rCorr   .          Rampage  .    (no gloves)
Will    .....                    (no boots)
Stlth   +.........               (no amulet)
HPRegen 0.26/turn                (no ring)
MPRegen 0.09/turn                (no ring)

@: glowing
A: sense surroundings 1, otherworldly, glowing, explore regen
a: no special abilities


You were on level 2 of the Dungeon.
You visited 1 branch of the dungeon, and saw 2 of its levels.

You collected 39 gold pieces.

Inventory:

Hand Weapons
 a - a +0 rapier (weapon)
Missiles
 d - 3 throwing nets
 e - a javelin
Armour
 b - a +0 leather armour (worn)
 c - a +0 helmet (worn)
 h - a +0 cloak (worn)
Scrolls
 f - 2 scrolls of identify {unknown}
Potions
 g - a potion of degeneration {unknown}


   Skills:
 - Level 2.1 Fighting
 + Level 5.1 Short Blades
 - Level 2.4 Throwing
 - Level 3.6 Dodging


You had 3 spell levels left.
You didn't know any spells.
Your spell library was empty.

Dungeon Overview and Level Annotations

Branches:
Dungeon (2/15) Zot: 803

Altars:

Annotations:
D:2 Robin


Innate Abilities, Weirdness & Mutations

You passively map a small area around you.
You are easily found by Zot.
You glow in the dark.
You regain HP and MP as you explore.


Message History

You hit the goblin.
You kill the goblin!
Robin throws the goblin at you! The hobgoblin closely misses you.
The goblin hits you but does no damage.
The goblin unwields a +0 sling.
The goblin wields a +0 club.
The goblin hits you but does no damage.
You barely miss the goblin.
An adder comes into view.
The hobgoblin hits you. The goblin hits you with a +0 club.
The goblin hits you with a +0 dagger.
* * * LOW HITPOINT WARNING * * *
The hobgoblin hits you.
* * * LOW HITPOINT WARNING * * *
Robin laughs in a distinctly smug fashion.
The goblin hits you with a +0 club.
* * * LOW HITPOINT WARNING * * *
You are too injured to fight recklessly!
You are too injured to fight recklessly!
You are too injured to fight recklessly!
You are too injured to fight recklessly!
You are too injured to fight recklessly!
You are too injured to fight recklessly!
You barely miss the goblin.
The adder hisses angrily.
Your punch misses the goblin. The goblin barely misses you.
The hobgoblin hits you.
* * * LOW HITPOINT WARNING * * *
The goblin hits you but does no damage. The hobgoblin hits you.
* * * LOW HITPOINT WARNING * * *
The goblin hits you with a +0 club.
* * * LOW HITPOINT WARNING * * *
You closely miss the goblin. The goblin completely misses you.
The hobgoblin closely misses you. The goblin misses you.
The hobgoblin barely misses you. The goblin misses you.
Unknown command.
You puncture the goblin!
You kill the goblin!
The goblin hits you with a +0 club.
* * * LOW HITPOINT WARNING * * *
The hobgoblin barely misses you. The goblin hits you with a +0 dagger.
You die...

,
####...........#
, *
#..#........##
............## ,
, J..####...(..#
, #.S....* , ,,,
* #..... , , ,
,.g..### ~ , , *
#g#...# * , *
##@gg###.. ,, , *
#)gg.....# * *
#.#####..?......
,.......<..######
, ##..###†).# * #
, #)..# , * ,
....# * , , , ,
....... ,,
,......### *


You could see Robin, an adder, 3 hobgoblins and 2 goblins.

Vanquished Creatures
  An adder (D:2)
  A dart slug (D:1)
  A ball python (D:2)
  An endoplasm (D:1)
  A giant cockroach (D:1)
  4 hobgoblins
  7 jackals (D:1)
  3 bats (D:1)
  5 frilled lizards
  9 goblins
  A kobold (D:2)
  4 rats
38 creatures vanquished.

Notes
Turn   | Place    | Note
-------+----------+-------------------------------------------
     0 | D:1      | lunkers the Meteoran Gladiator began the quest for the Orb.
     0 | D:1      | Reached XP level 1. HP: 17/17 MP: 2/2
    66 | D:1      | Reached XP level 2. HP: 16/24 MP: 3/3
   162 | D:1      | Reached skill level 4 in Short Blades
   199 | D:1      | Reached XP level 3. HP: 22/29 MP: 4/4
   332 | D:2      | Noticed Robin
   337 | D:2      | Reached XP level 4. HP: 36/36 MP: 5/5
   376 | D:2      | Reached skill level 5 in Short Blades
   397 | D:2      | Slain by a goblin

Illustrated notes

Levels and vault maps discovered:
D:1:      dpeg_arrival_round_a, layout_loops_ring
D:2:      layout_rooms, minmay_liquid_box, nicolae_underground_beach, uniq_robin

Skill      XL: |  1  2  3  4 |
---------------+-------------+-----
Short Blades   | 4 5 |  5.1
Fighting       | |  2.1
Throwing       | |  2.4
Dodging        | |  3.6

Action                   |  1- 3 |  4- 6 || total
-------------------------+-------+-------++-------
Melee: Rapier            |    81 |    25 ||   106
Armor: Leather armour    |    51 |    14 ||    65
Dodge: Dodged            |    72 |    23 ||    95

Table legend: (Time is in decaauts)
 A = Elapsed time spent in this place.
 B = Non-inter-level travel time spent in this place.
 C = Inter-level travel time spent in this place.
 D = Time resting spent in this place.
 E = Time spent auto-exploring this place.
 F = Levels seen in this place.
 G = Mean time per level.
                   A        B        C        D        E       F      G
               +--------+--------+--------+--------+--------+-----+--------+
         Total |    395 |    381 |     14 |      0 |    183 |   2 |  197.5 |
       Dungeon |    395 |    381 |     14 |      0 |    183 |   2 |  197.5 |
               +--------+--------+--------+--------+--------+-----+--------+

Top non-repeatable levels by time:
     D:1: 348 daAuts
     D:2: 47 daAuts
